 Dungeon Crawl Stone Soup version 0.19.0-11-g3fc08b3 (webtiles) character file.

26770 MTVSty1e the Fighter (level 13, -1/108 HPs)
             Began as a Formicid Fighter on Nov 8, 2016.
             Was an Elder of the Shining One.
             Shot with an arrow by Nessos (21 damage)
             ... on level 4 of the Lair of Beasts.
             The game lasted 00:51:50 (15798 turns).

MTVSty1e the Fighter (Formicid Fighter)            Turns: 15798, Time: 00:51:51

Health: -1/108     AC: 20    Str: 28    XL:     13   Next: 60%
Magic:  16/21      EV: 11    Int:  8    God:    the Shining One [****..]
Gold:   1240       SH: 25    Dex: 13    Spells: 0 memorised, 12 levels left

rFire  . . .     SeeInvis +     M - +5 battleaxe (freeze)
rCold  . . .     Gourm    .     I - +0 plate armour
rNeg   + + .     Faith    +     c - +0 shield
rPois  +         Spirit   .     (helmet unavailable)
rElec  .         Reflect  .     n - +2 cloak
rCorr  .         Harm     .     C - +0 pair of gloves
MR     +....                    i - +0 pair of boots
Stlth  ..........               s - amulet of faith
                                z - +3 ring of dexterity
                                m - ring of poison resistance

@: divine shield, glowing
A: permanent stasis, dig shafts and tunnels, four strong arms, antennae 3,
talons 1, strong 1
a: Dig, Shaft Self, Divine Shield, Cleansing Flame, Renounce Religion


You were on level 4 of the Lair of Beasts.
You worshipped the Shining One.
The Shining One was greatly pleased with you.
You were not hungry.

You visited 2 branches of the dungeon, and saw 15 of its levels.
You also visited: Sewer.

You collected 1240 gold pieces.

Inventory:

Hand Weapons
 a - a +0 war axe
 y - a +2 great sword of freezing
 E - a +1 scimitar of flaming
 L - a +3 great sword
 M - a +5 battleaxe of freezing (weapon)
Armour
 c - a +0 shield (worn)
 i - a +0 pair of boots (worn)
 n - a +2 cloak (worn)
 x - a +1 buckler of protection
 C - a +0 pair of gloves (worn)
 I - a +0 plate armour (worn)
Jewellery
 m - a ring of poison resistance (left hand)
 s - an amulet of faith (around neck)
 z - a +3 ring of dexterity (right hand)
 B - an uncursed ring of resist corrosion
 H - the ring "Wijuxt" {Ice Int+6}
   (You found it on level 9 of the Dungeon)

   [ring of ice]

   It enhances your ice magic.
   It affects your intelligence (+6).
   It makes you vulnerable to fire.
   It protects you from cold.
 R - a cursed amulet of inaccuracy {unknown}
 U - an uncursed amulet of magic regeneration {unknown}
Wands
 t - a wand of slowing (16/48)
 v - a wand of lightning (9/15)
 A - a wand of flame (15/48)
 F - a wand of enslavement (5/24)
 G - a wand of acid (6/15)
Scrolls
 b - a scroll of identify
 d - 2 scrolls of remove curse
 r - 2 scrolls of recharging
 w - 3 scrolls of enchant armour
Potions
 e - 2 potions of magic
 g - 2 potions of curing
 j - 5 potions of brilliance
 l - a potion of cancellation
 o - a potion of cure mutation {unknown}
 p - 2 potions of berserk rage {unknown}
 q - 5 potions of flight
 u - 3 potions of agility
 K - a potion of invisibility {unknown}
 V - 2 potions of lignification
Books
 h - a book of Minor Magic

   Spells                             Type                      Level
   a - Magic Dart                     Conjuration                  1
   b - Blink                          Translocation                2
   c - Call Imp                       Summoning                    2
   d - Repel Missiles                 Charms/Air                   2
   e - Slow                           Hexes                        2
   f - Conjure Flame                  Conjuration/Fire             3
   g - Mephitic Cloud                 Conjuration/Poison/Air       3
Comestibles
 f - 8 bread rations
 k - 15 fruits
 D - a beef jerky
 J - a slice of pizza
 T - a royal jelly


   Skills:
 * Level 12.2 Fighting
 + Level 5.4 Long Blades
 + Level 7.3 Axes
 + Level 9.6 Armour
 + Level 7.0 Dodging
 + Level 10.3 Shields
 * Level 11.9 Invocations


You had 12 spell levels left.
You didn't know any spells.

Dungeon Overview and Level Annotations

Branches:
Dungeon (11/15)            Temple (0/1) D:5            Lair (4/6) D:11
 Spider (0/4) Lair:4          Orc (0/2) D:10
  Swamp: Lair:2-4    Shoals: Lair:2-4

Altars:
Ashenzari
Cheibriados
Dithmenos
Fedhas
Hepliaklqana
Sif Muna
Uskayaw
Vehumet
Yredelemnul
The Shining One

Annotations:
Lair:3 Snorg
Lair:4 Nessos


Innate Abilities, Weirdness & Mutations

You are under a permanent stasis effect.
You can dig through walls and to a lower floor.
Your four strong arms can wield two-handed weapons with a shield.
You have a pair of large antennae on your head. (SInv)
You have sharp toenails.
Your muscles are strong. (Str +2)


Message History

Nessos gestures wildly while chanting.
The blink frog blinks!
A basilisk comes into view.
You feel better. Nessos says, "I'll learn you. I'll learn you yet!"
Nessos shoots an arrow.
You block the arrow.
The blink frog hits you but does no damage.
Nessos shoots an arrow.
You block the arrow.
The blink frog blinks!
The blink frog hits you!
* * * LOW HITPOINT WARNING * * *
Nessos shoots an arrow.
You block the arrow.
You see here 2 arrows.
You feel better.
Nessos shoots an arrow.
You block the arrow.
The blink frog blinks!
The blink frog is caught in a web!
You hit the blink frog.
The blink frog seems to slow down.
You freeze the blink frog.
The blink frog is heavily wounded.
Nessos shoots an arrow.
You block the arrow.
Nessos shoots an arrow.
The arrow hits you!!
You die...

#..##P.(..####P........#..###....
######..............c.#..P**{....
#P.#......P...#........#..,*,...#
P........P....##.........,,**,,,*
.........P....##.....ll,,,,,*,,,,
.........+....#....F.,*,,,,**,,,,
....##...##.####.#.#*.**,,,,,,,,,
.##.##...P#.#P#.ยง(.#.#.,,,,**,,,,
.#####....P.....@#....#*,,,*,,,,*
.##.P#...........F#...#*,,,*,,,,*
...............^.#.......,,,,,,,,
^.............^.#.#>#..##,,,,,,,,
.............(####..##.#*,,,,,,,*
.P#......#####.F#...#,.#,**,,,*,,
####....## #.^.#*#..,#***,,**,*
,,*#....# ***##.##,,..#,,**,,**,*
,,,#....#*#......^....#**,,,***,*


You could see Nessos, a basilisk and 2 blink frogs.

Vanquished Creatures
  Rupert (Lair:3)
  The ghost of TBriggs11TB the Blocker, a journeyman DsGl of Uskayaw (D:11)
  A hydra (Lair:3)
  Erica (D:9)
  A catoblepas (Lair:4)
  Sonja (Lair:2)
  Nergalle (Lair:4)
  2 hill giants
  An ugly thing (D:11)
  The ghost of MTVSty1e the Skirmisher, a novice MiFi (D:6)
  2 black mambas (Lair:2)
  4 spiny frogs
  3 komodo dragons
  2 trolls (D:11)
  9 blink frogs
  2 two-headed ogres (D:10)
  4 hippogriffs
  A wraith (D:11)
  A tarantella (Lair:4)
  A spriggan (D:9)
  2 wyverns
  21 yaks
  2 hungry ghosts
  2 basilisks (Lair:1)
  8 water moccasins
  2 porcupines (Lair:2)
  2 sky beasts
  A swamp drake (D:10)
  6 orc warriors
  6 wolves (Lair:1)
  6 ice beasts
  A necrophage (D:9)
  3 ogres
  3 phantoms
  A black bear (D:9)
  3 centaurs
  2 crocodiles
  6 big kobolds
  Blork the orc (D:6)
  11 bullfrogs
  2 scorpions
  6 killer bees (D:11)
  14 wights
  5 howler monkeys
  2 electric eels (Lair:2)
  10 crimson imps
  2 quasits
  A centaur zombie (D:11)
  3 bullfrog zombies
  4 jellies
  15 orc wizards
  5 orc priests
  5 hounds
  A centaur skeleton (D:9)
  Ijyb (D:2)
  6 iguanas
  Natasha (twice) (D:2)
  9 worker ants
  Terence (D:2)
  A killer bee zombie (D:7)
  A hound zombie (D:7)
  A worker ant zombie (D:11)
  2 howler monkey skeletons
  4 gnolls
  17 adders
  2 river rats (Sewer)
  A shadow imp (D:9)
  An ooze (D:3)
  2 adder zombies
  5 adder skeletons
  A worm (D:3)
  2 dart slugs (D:2)
  6 leopard geckos
  41 orcs
  3 ball pythons (Sewer)
  5 giant cockroaches
  14 goblins
  6 hobgoblins
  A jackal (D:2)
  8 quokkas
  8 bats
  11 frilled lizards
  A jackal zombie (D:5)
  27 kobolds
  31 rats
  A fungus (Lair:4)
426 creatures vanquished.

Vanquished Creatures (collateral kills)
  A hill giant (D:10)
  A bullfrog zombie (D:10)
2 creatures vanquished.

Vanquished Creatures (others)
  5 fungi
  6 plants
11 creatures vanquished.

Grand Total: 439 creatures vanquished

Notes
Turn   | Place    | Note
-------+----------+-------------------------------------------
     0 | D:1      | MTVSty1e the Formicid Fighter began the quest for the Orb.
     0 | D:1      | Reached XP level 1. HP: 18/18 MP: 1/1
    83 | D:1      | Reached XP level 2. HP: 6/24 MP: 2/2
   531 | D:1      | Reached XP level 3. HP: 21/29 MP: 3/3
  1335 | D:2      | Reached XP level 4. HP: 31/37 MP: 4/4
  1370 | D:2      | Noticed Terence
  1374 | D:2      | Killed Terence
  1374 | D:2      | Reached skill level 4 in Fighting
  1412 | D:2      | Noticed Ijyb
  1419 | D:2      | Killed Ijyb
  1419 | D:2      | Reached skill level 1 in Dodging
  1419 | D:2      | Reached XP level 5. HP: 43/43 MP: 5/5
  1616 | D:2      | Found a snail-covered altar of Cheibriados.
  1617 | D:2      | Found a glowing golden altar of the Shining One.
  1618 | D:2      | Found a basalt altar of Yredelemnul.
  1621 | D:2      | Became a worshipper of the Shining One
  1625 | D:2      | Found a radiant altar of Vehumet.
  1627 | D:2      | Found a shattered altar of Ashenzari.
  1673 | D:2      | Noticed Natasha
  1686 | D:2      | Killed Natasha
  1834 | D:2      | Noticed Natasha
  1842 | D:2      | Killed Natasha
  2095 | D:3      | Reached XP level 6. HP: 49/49 MP: 6/6
  2340 | D:3      | Found a blossoming altar of Fedhas.
  2543 | D:4      | Noticed an ogre
  2550 | D:4      | Killed an ogre
  2550 | D:4      | Reached skill level 5 in Fighting
  2702 | D:4      | Reached XP level 7. HP: 56/56 MP: 7/7
  2888 | D:4      | Found a glowing drain.
  2900 | Sewer    | Entered a sewer
  2929 | Sewer    | Reached * piety under the Shining One
  2999 | Sewer    | Reached skill level 5 in Shields
  3088 | Sewer    | Reached skill level 5 in Armour
  3094 | Sewer    | Reached skill level 6 in Fighting
  3168 | Sewer    | Reached XP level 8. HP: 60/64 MP: 8/8
  3709 | D:5      | Entered Level 5 of the Dungeon
  3725 | D:5      | Reached skill level 1 in Invocations
  3861 | D:5      | Found a hide-covered altar of Uskayaw.
  4153 | D:5      | Found a staircase to the Ecumenical Temple.
  4233 | D:5      | Reached skill level 7 in Fighting
  4304 | D:5      | Reached ** piety under the Shining One
  4433 | D:6      | Reached XP level 9. HP: 72/72 MP: 11/11
  4486 | D:6      | Noticed MTVSty1e's ghost (novice MiFi)
  4501 | D:6      | Killed MTVSty1e's ghost
  4938 | D:6      | Noticed Blork the orc
  4947 | D:6      | Killed Blork the orc
  5064 | D:6      | Reached skill level 8 in Fighting
  5159 | D:6      | Reached skill level 5 in Invocations
  5423 | D:7      | Gained mutation: Your muscles are strong. (Str +2) [potion of mutation]
  5423 | D:7      | Gained mutation: You have sharp toenails. [potion of mutation]
  5444 | D:7      | Noticed a hippogriff
  5454 | D:7      | Killed a hippogriff
  5572 | D:7      | Reached *** piety under the Shining One
  5764 | D:7      | Reached XP level 10. HP: 73/81 MP: 14/14
  6048 | D:7      | Found a shadowy altar of Dithmenos.
  6048 | D:7      | Found a deep blue altar of Sif Muna.
  6169 | D:7      | Reached skill level 5 in Axes
  6262 | D:8      | Found a hazy altar of Hepliaklqana.
  6744 | D:8      | Identified a scroll of acquirement
  6999 | D:8      | Reached skill level 9 in Fighting
  7147 | D:8      | Reached **** piety under the Shining One
  7749 | D:9      | Reached skill level 5 in Dodging
  7753 | D:9      | Reached XP level 11. HP: 29/89 MP: 5/16
  8022 | D:9      | Noticed Erica
  8032 | D:9      | Killed Erica
  8076 | D:9      | Found a flagged portal.
  8150 | D:9      | Reached skill level 10 in Fighting
  8150 | D:9      | Reached skill level 1 in Long Blades
  8227 | D:9      | Reached ***** piety under the Shining One
  8237 | D:9      | Got a shimmering ivory ring
  8242 | D:9      | Identified the ring "Wijuxt" {Ice Int+6} (You found it on level 9 of the Dungeon)
  8514 | D:10     | Entered Level 10 of the Dungeon
  9086 | D:10     | Noticed a hill giant
  9093 | D:10     | Killed a hill giant
  9246 | D:10     | Found a staircase to the Orcish Mines.
  9831 | D:10     | Noticed a hill giant
  9842 | D:10     | Killed a hill giant
 10698 | D:11     | Noticed a hill giant
 10708 | D:11     | Killed a hill giant
 10708 | D:11     | Reached XP level 12. HP: 64/99 MP: 19/19
 10972 | D:11     | Noticed TBriggs11TB's ghost (journeyman DsGl)
 10994 | D:11     | Killed TBriggs11TB's ghost
 11667 | D:11     | Reached skill level 11 in Fighting
 11699 | D:11     | Found a staircase to the Lair.
 11809 | D:11     | Reached skill level 10 in Invocations
 11981 | Lair:1   | Entered Level 1 of the Lair of Beasts
 13520 | Lair:2   | Reached XP level 13. HP: 106/106 MP: 21/21
 13585 | Lair:2   | Noticed Sonja
 13611 | Lair:2   | Killed Sonja
 14464 | Lair:3   | Noticed Snorg
 14957 | Lair:3   | Noticed Rupert
 14972 | Lair:3   | Reached skill level 10 in Shields
 14983 | Lair:3   | Killed Rupert
 14983 | Lair:3   | Reached skill level 12 in Fighting
 14983 | Lair:3   | Reached skill level 5 in Long Blades
 15094 | Lair:3   | Noticed a six-headed hydra
 15103 | Lair:3   | Killed a one-headed hydra
 15205 | Lair:4   | Noticed Nergalle
 15214 | Lair:4   | Killed Nergalle
 15270 | Lair:4   | Noticed a catoblepas
 15288 | Lair:4   | Killed a catoblepas
 15773 | Lair:4   | Found a hole to the Spider Nest.
 15774 | Lair:4   | Noticed Nessos
 15798 | Lair:4   | Shot with an arrow by Nessos

Skill      XL: |  1  2  3  4  5  6  7  8  9 10 11 12 13 |
---------------+----------------------------------------+-----
Shields        | 4 5 6 8 9 10 | 10.3
Fighting       | 4 5 6 7 8 9 10 11 12 | 12.2
Dodging        | 1 2 3 4 5 6 7 |  7.0
Armour         | 4 5 6 7 8 9 |  9.6
Axes           | 3 4 5 6 7 |  7.3
Invocations    | 3 5 7 9 11 | 11.9
Long Blades    | 3 4 5 |  5.4

Action                   |  1- 3 |  4- 6 |  7- 9 | 10-12 | 13-15 || total
-------------------------+-------+-------+-------+-------+-------++-------
Melee: War axe           |   100 |   117 |   333 |   226 |       ||   776
       Scimitar          |       |       |       |   180 |     5 ||   185
       Battleaxe         |       |       |       |   186 |   105 ||   291
Invok: Cleansing Flame   |       |       |       |     7 |     5 ||    12
       Divine Shield     |       |       |       |     5 |     4 ||     9
       Summon Divine War |       |       |       |     1 |       ||     1
 Abil: Dig               |       |       |     2 |     2 |     3 ||     7
  Use: Potion            |     1 |     1 |     2 |     7 |     8 ||    19
       Scroll            |       |     5 |    13 |    11 |     3 ||    32
  Eat: Meat ration       |     1 |     1 |       |     4 |     2 ||     8
       Bread ration      |       |       |     2 |     2 |       ||     4
       Fruit             |       |       |     1 |       |       ||     1
       Beef jerky        |       |       |       |       |     1 ||     1
Armor: Scale mail        |    64 |    56 |   144 |   142 |       ||   406
       Plate armour      |       |       |       |    95 |    75 ||   170
Dodge: Dodged            |    28 |    51 |   138 |   302 |    75 ||   594
Block: Shield            |    64 |    61 |   180 |   450 |   148 ||   903
       Rpst.: Scimitar   |       |       |       |    24 |     1 ||    25
